 Dungeon Crawl Stone Soup version 0.30-a0-757-ga6a79fd877 (webtiles) character file.

Game seed: 81907940377370066

1028 CowFu the Destroyer (level 7, -3/50 HPs)
             Began as a Demigod Conjurer on Feb 10, 2023.
             Slain by a gnoll
             ... wielding a +0 flail
             ... led by a gnoll bouda
              (7 damage)
             ... on level 6 of the Dungeon.
             The game lasted 00:06:33 (4650 turns).

CowFu the Destroyer (Demigod Conjurer)              Turns: 4650, Time: 00:06:33

Health: -3/50      AC:  6    Str:  8    XL:     7   Next: 72%
Magic:  10/12      EV: 12    Int: 30    God:
Gold:   236        SH:  5    Dex: 12    Spells: 6/9 levels left

rFire   + . .      SeeInvis .    a - +6 falchion of Extermination {freeze, rN+ Int+2 Stlth+}
rCold   . . .      Faith    .    (no shield)
rNeg    + . .      Spirit   .    p - +1 robe
rPois   .          Reflect  +    G - +0 helmet
rElec   .          Harm     .    I - +1 cloak
rCorr   .          Rampage  .    (no gloves)
Will    .....                    (no boots)
Stlth   +++                      i - amulet of reflection
HPRegen 0.28/turn                n - ring of protection from fire
MPRegen 0.13/turn                (no ring)

@: no status effects
A: high MP 1, forlorn, divine attributes
a: no special abilities


You were on level 6 of the Dungeon.
You visited 1 branch of the dungeon, and saw 6 of its levels.

You collected 236 gold pieces.

Inventory:

Hand Weapons
 a - the +6 falchion of Extermination (weapon) {freeze, rN+ Int+2 Stlth+}
   (You found it on level 3 of the Dungeon)

   Int:       It affects your intelligence (+2).
   rN:        It protects you from negative energy.
   Stlth:     It makes you more stealthy.
 b - a +3 quarterstaff of chaos
Armour
 p - a +1 robe (worn)
 G - a +0 helmet (worn)
 I - a +1 cloak (worn)
Jewellery
 i - an amulet of reflection (around neck)
 n - a ring of protection from fire (left hand)
Wands
 D - a wand of polymorph (13)
 E - a wand of light (12)
 F - a wand of mindburst (13)
Scrolls
 c - 2 scrolls of brand weapon {unknown}
 f - a scroll of enchant armour
 j - 4 scrolls of noise {unknown}
 k - a scroll of silence {unknown}
 l - 2 scrolls of fog {unknown}
 m - 3 scrolls of teleportation
 q - a scroll of blinking
 r - a scroll of vulnerability {unknown}
 x - a scroll of enchant weapon {unknown}
 z - 4 scrolls of fear {unknown}
 B - a scroll of identify
Potions
 d - 2 potions of flight {unknown}
 g - a potion of haste {unknown}
 h - 2 potions of heal wounds
 o - 2 potions of curing {unknown}
 s - a potion of mutation {unknown}
 t - 2 potions of brilliance {unknown}
 u - 2 potions of attraction {unknown}
 v - a potion of lignification {unknown}
 w - a potion of invisibility {unknown}
 A - a potion of ambrosia {unknown}
 C - a potion of degeneration {unknown}
 H - 2 potions of magic


   Skills:
 - Level 1.7 Dodging
 - Level 1.7 Stealth
 - Level 1.7 Spellcasting
 + Level 9.3 Conjurations


You had 6 spell levels left.
You knew the following spells:

 Your Spells              Type           Power      Damage    Failure   Level
a - Magic Dart            Conj           100%       1d8       1%          1
b - Searing Ray           Conj           100%       2d8       1%          2

Your spell library contained the following spells:

 Spells                   Type           Power      Damage    Failure   Level
 Dazzling Flash           Conj/Hex       60%        N/A       3%          3
 Lesser Beckoning         Tloc           4%         N/A       12%         2
 Fulminant Prism          Conj/Hex       15%        3d10      12%         4
 Iskenderun's Mystic Bla  Conj/Tloc      30%        2d8       12%         4
 Gell's Gravitas          Tloc           2%         N/A       24%         3
 Teleport Other           Tloc           2%         N/A       24%         3
 Cause Fear               Hex            1%         N/A       63%         4
 Dragon Form              Tmut           1%         N/A       100%        7
 Dragon's Call            Summ           1%         N/A       100%        9


Dungeon Overview and Level Annotations

Branches:
Dungeon (6/15)             Temple (0/1) D:5

Shops:
D:2 =   D:5 :


Innate Abilities, Weirdness & Mutations

You have an increased reservoir of magic. (+10% MP)
You shall have no god before yourself.
Your divine heritage dramatically boosts your attributes as you level up.


Message History

The gnoll hits you but does no damage. The gnoll attacks as you move away!
The gnoll closely misses you.
The gnoll bouda gazes fiercely through you!
You feel as though you will be weak longer.
The gnoll hits you with a +0 flail.
The gnoll is no longer moving quickly.
You block the gnoll's attack. The gnoll attacks as you move away!
You block the gnoll's attack.
You open the door.
The gnoll bouda barks out a call to the hunt!
The gnoll picks up the pace!
The gnoll attacks as you move away! The gnoll hits you but does no damage.
The gnoll is no longer moving quickly. x2; The gnoll closely misses you.
There is an open door here.
The gnoll attacks as you move away! The gnoll barely misses you.
Your attacks no longer feel as feeble.
The gnoll closely misses you. The gnoll attacks as you move away!
You block the gnoll's attack.
The gnoll bouda barks out a call to the hunt!
The gnolls pick up the pace!
The gnoll attacks as you move away! The gnoll hits you with a +0 flail! x2
There is an open door, spattered with blood here.
The gnoll attacks as you move away! The gnoll hits you with a +0 flail!
* * * LOW HITPOINT WARNING * * *
The gnoll hits you with a +0 flail!
* * * LOW HITPOINT WARNING * * *
Casting: Searing Ray (safe; 1% risk of failure)
Confirm with . or Enter, or press ? or * to list all spells.
Aiming: Searing Ray (safe; 1% risk of failure)
Press: ? - help, Shift-Dir - straight line, f/p - gnoll
Aim: a gnoll, wielding a +0 flail (severely wounded, covering ground quickly, 85% to hit)
The searing ray misses the gnoll.
The searing ray hits the gnoll!
You kill the gnoll! (Press . to maintain the ray.)
The gnoll hits you with a +0 flail.
* * * LOW HITPOINT WARNING * * *
You hit the gnoll. You freeze the gnoll.
The gnoll is almost dead.
The gnoll hits you with a +0 flail!
You die...

#)...# #....# #....#
##########...>#
#########........#<...#
#................'....#
#................#........
#................#........
#......g.......g@#........
#......g.........#........
#...............g#+#######
#####'##########)........
#..........g..#.........
#.......g....gg.........
#...........g.#.........
#.............#.........
#.............#.........


You could see a gnoll bouda and 2 gnolls.

Vanquished Creatures
  Grinder (D:4)
  A water moccasin (D:5)
  2 ogres (D:5)
  A scorpion (D:5)
  2 orc priests (D:5)
  Crazy Yiuf (D:5)
  2 hounds
  A jelly (D:5)
  Ijyb (D:5)
  An iguana (D:5)
  Natasha (twice) (D:4)
  2 orc wizards
  A scorpion zombie (D:3)
  A hound zombie (D:3)
  A hound skeleton (D:3)
  A gnoll (D:6)
  5 adders
  An adder skeleton (D:3)
  3 worms
  11 orcs
  2 ball pythons
  6 endoplasms
  2 giant cockroaches
  3 hobgoblins
  2 kobolds
  A quokka (D:3)
  5 bats
  4 frilled lizards
  A giant cockroach zombie (D:3)
  4 goblins
  A rat (D:1)
72 creatures vanquished.

Notes
Turn   | Place    | Note
-------+----------+-------------------------------------------
     0 | D:1      | CowFu the Demigod Conjurer began the quest for the Orb.
     0 | D:1      | Reached XP level 1. HP: 14/14 MP: 5/5
   448 | D:1      | Reached skill level 4 in Conjurations
   520 | D:1      | Reached XP level 2. HP: 20/20 MP: 4/7
   772 | D:2      | Found Utheoreo's Jewellery Emporium.
  1003 | D:2      | Reached XP level 3. HP: 22/26 MP: 0/8
  1470 | D:2      | Learned a level 2 spell: Searing Ray
  1646 | D:3      | Reached skill level 5 in Conjurations
  1803 | D:3      | Identified the +6 falchion of Extermination {freeze, rN+
                  | Int+2 Stlth+}
  1874 | D:3      | Reached XP level 4. HP: 31/33 MP: 4/9
  2491 | D:4      | Noticed Natasha
  2496 | D:4      | Killed Natasha
  2497 | D:4      | Reached skill level 6 in Conjurations
  2497 | D:4      | Reached XP level 5. HP: 32/38 MP: 10/10
  2547 | D:4      | Noticed Grinder
  2559 | D:4      | Paralysed by Grinder for 3 turns
  2564 | D:4      | Killed Grinder
  2565 | D:4      | Reached skill level 7 in Conjurations
  2565 | D:4      | Reached XP level 6. HP: 13/45 MP: 1/11
  2851 | D:4      | Noticed Natasha
  2854 | D:4      | Killed Natasha
  3019 | D:5      | Entered Level 5 of the Dungeon
  3135 | D:5      | Noticed a water moccasin
  3144 | D:5      | Killed a water moccasin
  3145 | D:5      | Reached skill level 8 in Conjurations
  3225 | D:5      | Reached XP level 7. HP: 50/50 MP: 1/12
  3586 | D:5      | Found a staircase to the Ecumenical Temple.
  3895 | D:5      | Found a runed translucent door.
  3896 | D:5      | Noticed Crazy Yiuf
  3951 | D:5      | Reached skill level 9 in Conjurations
  4069 | D:5      | Found Fiw Jeonaeph's Tremendous Tomes.
  4213 | D:5      | Noticed Ijyb
  4220 | D:5      | Killed Ijyb
  4440 | D:5      | Killed Crazy Yiuf
  4650 | D:6      | Slain by a gnoll

Illustrated notes

Levels and vault maps discovered:
D:1:      mrwooster_arrival_statue, layout_rooms, kennysheep_decorative_pillar
D:2:      layout_basic, serial_shops, shop, minmay_misc_feat_columns
D:3:      layout_rooms, okawaru_ov_weapons_minmay, serial_undead,
          serial_undead_e, serial_undead_a, serial_undead_e, serial_undead_a,
          hellmonk_ecumenical_altar_prayer_group, kennysheep_generic_room_4
D:4:      layout_gridville, grunt_temple_overflow_magic_moments,
          nemelex_dance_club_becter, nicolae_qazlal_scattered_showers,
          uniq_natasha, uniq_grinder
D:5:      dreamdust_elfheim, layout_loops_cross, overflow_temple_1_default,
          minmay_temple_entry_antechambers, nicolae_shop_i_like_big_books,
          chequers_decorated_corner, uniq_crazy_yiuf_cottage, uniq_ijyb
D:6:      layout_gridville, minmay_misc_feat_tiny

Skill      XL: |  1  2  3  4  5  6  7 |
---------------+----------------------+-----
Conjurations   | 4 5 6 7 8 9 |  9.3
Dodging        | |  1.7
Stealth        | |  1.7
Spellcasting   | |  1.7

Action                     |  1- 3 |  4- 6 |  7- 9 || total
---------------------------+-------+-------+-------++-------
  Melee: Unarmed           |     2 |       |       ||     2
         Hand axe          |    15 |       |       ||    15
         Falchion          |       |    38 |    12 ||    50
   Cast: Magic Dart        |    85 |    22 |    29 ||   136
         Searing Ray       |       |     5 |     8 ||    13
    Use: Scroll            |     3 |     2 |       ||     5
   Stab: Sleeping          |       |     5 |     1 ||     6
 Armour: Robe              |     7 |    12 |     6 ||    25
  Dodge: Dodged            |    21 |    27 |    17 ||    65
  Block: Other             |       |       |     9 ||     9

Table legend: (Time is in decaauts)
 A = Elapsed time spent in this place.
 B = Non-inter-level travel time spent in this place.
 C = Inter-level travel time spent in this place.
 D = Time resting spent in this place.
 E = Time spent auto-exploring this place.
 F = Levels seen in this place.
 G = Mean time per level.
                   A        B        C        D        E       F      G
               +--------+--------+--------+--------+--------+-----+--------+
         Total |   4667 |   4557 |    110 |      0 |   3935 |   6 |  777.8 |
       Dungeon |   4667 |   4557 |    110 |      0 |   3935 |   6 |  777.8 |
               +--------+--------+--------+--------+--------+-----+--------+

Top non-repeatable levels by time:
     D:5: 1519 daAuts
     D:2: 895 daAuts
     D:4: 818 daAuts
     D:3: 703 daAuts
     D:1: 617 daAuts
     D:6: 114 daAuts
